Map: [ESL] Site Delta

Players

Reynor

  • Race: Zerg Zerg
  • Spawn Location: 5:00

Oliveira - Winner!

  • Race: Terran Terran
  • Spawn Location: 11:00

Event: ESL Spring 2024 Finals

VOD

Have the link to the VOD?

Description

Time

  • Played on: June 1, 2024, 7:05 p.m.
  • Length: 10:15

All games in this series

Show
View Real Time Build Order
Export as new Build Order

Reynor Zerg 

Build Orders: Hatch First 

Get SALT Encoding   

  12  0:00  Drone  
  13  0:12  Overlord  
  13  0:16  Drone  
  14  0:30  Drone x2  
  16  0:48  Hatchery  
  15  0:50  Drone  
  15  0:53  Drone  
  15  0:56  Drone  
  18  1:07  Extractor  
  17  1:12  Spawning Pool  
  17  1:15  Drone  
  17  1:18  Drone  
  18  1:27  Drone  
  19  1:38  Drone  
  20  1:49  Overlord  
  20  1:59  Queen  
  20  2:00  Queen  
  20  2:01  Drone, Zergling x2  
  26  2:10  Zergling x4  
  26  2:12  Metabolic Boost  
  28  2:24  Drone  
  28  2:25  Drone  
  30  2:36  Drone x2  
  32  2:40  Hatchery  
  32  2:44  Drone x2  
  33  2:53  Overlord  
  33  2:55  Queen  
  33  2:57  Drone  
  36  3:10  Queen  
  36  3:12  Drone x4  
  42  3:16  Overlord  
  42  3:18  Drone  
  43  3:20  Drone  
  44  3:30  Overlord  
  44  3:34  Queen, Drone  
  44  3:38  Drone x3  
  50  3:42  Drone  
  50  3:43  Drone  
  50  3:48  Queen  
  52  3:51  Overlord  
  52  3:54  Drone x2  
  56  3:56  Queen  
  56  4:01  Zergling x2  
  56  4:02  Drone x2  
  61  4:05  Overlord  
  61  4:08  Drone x2  
  63  4:10  Drone  
  63  4:16  Zergling x4  
  66  4:18  Queen  
  66  4:21  Drone x2  
  66  4:23  Overlord  
  70  4:25  Drone x2  
  70  4:29  Lair  
  70  4:30  Drone  
  73  4:34  Drone  
  73  4:37  Overlord  
  74  4:43  Zergling x6, Baneling Nest  
  74  4:45  Extractor, Drone x3  
  78  4:54  Drone  
  78  4:58  Spore Crawler  
  78  4:59  Drone x2  
  80  5:01  Drone x2, Spore Crawler, Hatchery  
  80  5:02  Drone  
  80  5:06  Queen  
  83  5:09  Overlord  
  83  5:10  Drone x2  
  83  5:13  Drone  
  83  5:14  Drone  
  87  5:20  Overlord, Drone  
  87  5:21  Drone  
  89  5:23  Spore Crawler  
  89  5:26  Drone x2  
  89  5:28  Zergling x2  
  91  5:29  Evolution Chamber  
  91  5:30  Drone x2, Evolution Chamber  
  91  5:31  Drone x3  
  91  5:33  Overlord  
  93  5:38  Drone x3  
  93  5:40  Extractor  
  93  5:41  Overlord, Extractor  
  93  5:42  Drone  
  95  5:50  Drone x2  
  95  5:55  Zergling x2  
  95  5:56  Hatchery  
  97  5:57  Overseer  
  97  5:58  Zerg Ground Armor Level 1, Zerg Melee Weapons Level 1  
  97  6:00  Drone  
  97  6:01  Drone x3  
  97  6:02  Zergling x2  
  102  6:05  Overlord  
  102  6:09  Zergling x6  
  105  6:11  Zergling x2  
  105  6:15  Zergling x6  
  105  6:18  Overlord  
  109  6:19  Zergling x2  
  109  6:20  Zergling x2  
  109  6:21  Centrifugal Hooks  
  109  6:24  Zergling x4  
  113  6:25  Zergling x2  
  113  6:26  Zergling x2  
  113  6:32  Zergling x6  
  118  6:35  Zergling x6  
  118  6:37  Baneling x5  
  120  6:41  Overlord  
  120  6:44  Zergling x4  
  120  6:45  Zergling x6  
  125  6:49  Zergling x8  
  125  6:52  Drone x4  
  133  6:54  Baneling x5  
  133  6:58  Drone, Spore Crawler  
  133  6:59  Drone  
  133  7:00  Drone  
  135  7:03  Infestation Pit, Spore Crawler  
  135  7:04  Drone  
  135  7:08  Baneling x5  
  134  7:09  Drone x3  
  134  7:12  Drone x2  
  134  7:14  Overlord  
  139  7:15  Zergling x6  
  139  7:16  Zergling x4  
  139  7:18  Spore Crawler x2  
  141  7:23  Drone x3  
  141  7:24  Drone  
  141  7:25  Drone x3  
  141  7:26  Extractor, Drone x2  
  141  7:27  Extractor, Drone x2  
  141  7:28  Extractor  
  149  7:30  Overlord  
  149  7:34  Overlord  
  149  7:36  Zergling x4  
  149  7:39  Zergling x2  
  149  7:41  Burrow  
  149  7:42  Hive, Zergling x2  
  149  7:43  Zergling x2  
  152  7:45  Zergling x10  
  152  7:46  Baneling  
  152  7:47  Baneling x12  
  152  7:50  Zergling x2  
  152  7:51  Zergling x6  
  160  7:54  Zergling x4  
  160  7:55  Zergling x2  
  163  7:59  Zergling x8  
  163  8:03  Zergling x4  
  163  8:04  Hatchery  
  168  8:07  Overlord x2, Baneling x6  
  168  8:10  Overlord  
  168  8:14  Zergling x12  
  168  8:15  Overlord  
  172  8:23  Zergling x10  
  172  8:26  Zergling x12  
  161  8:30  Baneling x12  
  161  8:33  Zergling x2  
  157  8:35  Zergling x2  
  157  8:37  Zergling x4  
  153  8:45  Baneling Nest, Zergling x2  
  153  8:47  Zergling x10  
  149  8:52  Baneling x11  
  149  8:53  Zergling x4  
  149  8:55  Zergling x4  
  149  8:56  Zergling x2  
  149  8:58  Zergling x4  
  154  9:03  Zergling x8  
  154  9:07  Zergling x4  
  158  9:12  Zergling x2  
  158  9:13  Zergling x2  
  158  9:15  Queen  
  160  9:18  Zergling x10  
  125  9:25  Zergling x2  
  125  9:30  Zergling x6  
  107  9:32  Zergling x6  
  106  9:38  Zergling x2  
  106  9:39  Zergling x12  
  106  9:40  Baneling x14  
  106  9:42  Zergling x6  
  106  9:44  Zergling x4  
  114  9:49  Overlord  
  112  9:53  Overlord  
Show
View Real Time Build Order
Export as new Build Order

Oliveira Terran - Winner!

Build Orders: Reaper Expand, Hellion Banshee 

Get SALT Encoding   

  12  0:00  SCV  
  13  0:12  SCV  
  14  0:17  Supply Depot  
  14  0:24  SCV  
  15  0:38  SCV  
  15  0:39  Barracks  
  16  0:43  Refinery  
  16  0:50  SCV  
  17  1:03  SCV  
  18  1:15  SCV  
  19  1:27  Reaper, Orbital Command  
  20  1:37  Command Center  
  20  1:49  Supply Depot  
  20  1:52  SCV  
  21  1:58  Marine  
  22  2:04  SCV  
  23  2:13  Factory  
  23  2:17  SCV  
  23  2:20  Barracks Reactor  
  24  2:29  SCV  
  25  2:36  Command Center  
  25  2:41  SCV  
  26  2:49  Orbital Command  
  26  2:53  SCV  
  27  3:00  Starport  
  27  3:02  Refinery  
  27  3:05  SCV  
  28  3:09  Hellion  
  28  3:12  Hellion  
  32  3:15  Barracks Tech Lab  
  32  3:16  SCV  
  32  3:19  SCV  
  34  3:28  SCV  
  34  3:31  SCV, Hellion  
  34  3:33  Hellion  
  40  3:40  SCV  
  41  3:43  Banshee, Marine  
  41  3:44  SCV  
  46  3:48  Orbital Command  
  46  3:52  SCV  
  47  3:56  SCV, Hellion  
  47  3:59  Hellion  
  47  4:01  Supply Depot  
  47  4:02  Barracks Tech Lab  
  52  4:06  SCV  
  53  4:11  SCV  
  53  4:14  SCV  
  55  4:18  SCV  
  55  4:20  Hellion  
  55  4:21  Hellion  
  55  4:24  SCV, Supply Depot  
  61  4:25  Banshee  
  61  4:28  SCV  
  61  4:30  Stimpack, Marine  
  66  4:33  SCV  
  66  4:36  SCV  
  68  4:40  Supply Depot  
  68  4:46  SCV, Barracks  
  68  4:49  Orbital Command  
  68  4:50  Factory Reactor, Barracks  
  68  4:51  SCV  
  70  4:56  Engineering Bay  
  70  4:58  Engineering Bay  
  70  5:00  SCV, Refinery  
  70  5:01  Refinery, Marine  
  70  5:04  SCV  
  70  5:06  Supply Depot  
  73  5:12  SCV  
  74  5:16  SCV x2  
  74  5:17  Starport Reactor  
  76  5:21  Barracks  
  76  5:23  Barracks  
  76  5:25  Terran Infantry Weapons Level 1, Terran Infantry Armor Level 1, SCV  
  76  5:27  Supply Depot  
  75  5:30  SCV x2  
  77  5:36  Siege Tank  
  77  5:37  SCV  
  77  5:42  SCV  
  82  5:43  SCV  
  82  5:45  Marine x4  
  82  5:48  Supply Depot, Marine  
  88  5:50  SCV  
  88  5:53  Supply Depot  
  88  5:55  Medivac x2  
  88  5:56  SCV x2  
  95  6:03  Marine x3  
  98  6:04  SCV  
  98  6:10  Barracks x2  
  99  6:11  Barracks Reactor  
  99  6:12  Barracks  
  99  6:13  Marine, Barracks Reactor  
  99  6:16  Supply Depot, Marine  
  101  6:19  Siege Tank  
  101  6:21  Marine x2  
  101  6:25  Armory, Marine  
  107  6:28  SCV x2  
  107  6:29  Combat Shield  
  107  6:31  SCV  
  110  6:33  Marine  
  110  6:34  Supply Depot, Marine  
  110  6:39  Marine  
  113  6:40  SCV x2, Marine  
  113  6:43  SCV, Medivac x2  
  113  6:44  Marine  
  122  6:47  Supply Depot  
  122  6:48  Supply Depot  
  122  6:49  Marine  
  122  6:50  Marine  
  122  6:51  Marine  
  125  6:55  Marine x2  
  125  6:56  Siege Tank  
  125  6:58  Marine x2  
  125  6:59  Marine  
  133  7:02  Supply Depot  
  133  7:05  Supply Depot  
  133  7:09  Marine x7  
  133  7:13  Marine x2  
  142  7:19  Marine  
  142  7:20  Marine x2  
  142  7:21  Terran Infantry Armor Level 2  
  145  7:27  Supply Depot, Marine x3  
  145  7:28  Marine  
  145  7:29  Marine x2  
  151  7:31  Medivac  
  151  7:32  Marine x2  
  155  7:37  Marine  
  155  7:38  Marine  
  155  7:41  Marine x2  
  155  7:44  Siege Tank  
  161  7:45  Marine x2  
  161  7:48  Marine x2  
  161  7:50  Marine  
  166  7:56  Command Center  
  166  7:57  Supply Depot  
  166  7:59  Supply Depot  
  166  8:00  Marine  
  166  8:01  Marine x2  
  166  8:04  Marine x3  
  166  8:05  Marine  
  173  8:08  Supply Depot  
  173  8:10  Marine  
  173  8:11  Marine x2  
  176  8:17  Marine x2  
  174  8:24  Marine x2  
  174  8:25  Marine  
  174  8:27  Marine x2  
  138  8:28  Siege Tank, Marine x2  
  138  8:30  Marine x2  
  138  8:31  Marine  
  124  8:35  Marine x2  
  120  8:42  Marine  
  120  8:43  Marine  
  120  8:44  Orbital Command, Marine  
  120  8:45  Marine x2  
  113  8:52  Medivac x2  
  113  8:53  Marine  
  118  9:01  Marine  
  118  9:02  Marine  
  117  9:05  Marine  
  119  9:14  Marine  
  120  9:17  Marine  
  92  9:28  Marine x3  
  92  9:30  Marine  
  79  9:34  Marine  
  79  9:36  Marine  
  79  9:37  Marine  
  80  9:41  Marine  
  82  9:51  SCV x2  
  84  9:57  SCV  
  81  10:03  SCV  
Tags
 
Add a new tag
Caveats
  • Supply blocks, unpowered buildings, or Contaminate may cause inaccurate times.
  • Supply counts are checked every 10 seconds.